 Dungeon Crawl Stone Soup version 0.23.2-40-g277498a001 (webtiles) character file.

Game seed: 16657747230134351287

81580 Exodus22XD the Devastator (level 15, -2/72 HPs)
             Began as a Deep Elf Wizard on Sept 17, 2019.
             Was a High Priest of Vehumet.
             Slain by a jumping spider (4 damage)
             ... on level 3 of the Spider Nest.
             The game lasted 03:59:33 (30216 turns).

Exodus22XD the Devastator (Deep Elf Wizard)        Turns: 30216, Time: 03:59:33

Health: -2/72      AC: 10    Str:  6    XL:     15   Next: 27%
Magic:  0/36       EV: 10    Int: 33    God:    Vehumet [*****.]
Gold:   2070       SH:  0    Dex: 13    Spells: 11/45 levels left

rFire    . . .     SeeInvis +   W - staff of wizardry
rCold    . . .     Gourm    .   (no shield)
rNeg     . . .     Faith    .   X - +1 ring mail "Deiptux" {rElec Str+2 Int+3 Slay-4}
rPois    +         Spirit   +   I - +0 helmet
rElec    +         Reflect  .   B - scarf {Spirit}
rCorr    .         Harm     .   Y - -2 pair of gloves of Focus {rElec rPois Slay-3}
MR       +....                  h - +0 pair of boots
Stlth    +.........             f - amulet of the acrobat
HPRegen  0.22/turn              t - +3 ring of protection
MPRegen  0.25/turn              O - ring of see invisible

@: liquefying, studying Fire Magic, slowed movement, very slow
A: no striking features
a: Renounce Religion


You were on level 3 of the Spider Nest.
You worshipped Vehumet.
Vehumet was extremely pleased with you.
You were not hungry.

You visited 5 branches of the dungeon, and saw 23 of its levels.
You also visited: Gauntlet.

You collected 2070 gold pieces.

Inventory:

Hand Weapons
 l - a +5 short sword of speed
Armour
 h - a +0 pair of boots (worn)
 o - a +1 pair of gloves
 z - +0 acid dragon scales
 B - a scarf of spirit shield (worn)
 F - a +2 robe of magic resistance
 I - a +0 helmet (worn)
 X - the +1 ring mail "Deiptux" (worn) {rElec Str+2 Int+3 Slay-4}
   (You found it on level 1 of the Spider Nest)

   It affects your strength (+2).
   It affects your intelligence (+3).
   It affects your accuracy and damage with ranged weapons and melee attacks
   (-4).
   It insulates you from electricity.
 Y - the -2 pair of gloves of Focus (worn) {rElec rPois Slay-3}
   (You found it in a Gauntlet)

   It affects your accuracy and damage with ranged weapons and melee attacks
   (-3).
   It insulates you from electricity.
   It protects you from poison.
Magical Staves
 V - an uncursed staff of conjuration
 W - an uncursed staff of wizardry (weapon)
Jewellery
 a - an uncursed ring of flight
 f - an amulet of the acrobat (around neck)
 i - a +3 amulet of reflection
 k - a +3 ring of evasion
 t - a +3 ring of protection (left hand)
 O - a ring of see invisible (right hand)
 U - an uncursed ring of protection from fire
Wands
 n - a wand of acid (3)
 C - a wand of random effects (35)
 G - a wand of digging (6)
 L - a wand of polymorph (13)
 M - a wand of iceblast (8)
 N - a wand of enslavement (6)
Scrolls
 b - 3 scrolls of enchant armour
 c - 6 scrolls of teleportation
 g - 4 scrolls of fog
 j - 5 scrolls of enchant weapon
 p - 3 scrolls of vulnerability
 u - 3 scrolls of magic mapping
 v - 6 scrolls of remove curse
 A - 6 scrolls of amnesia
 S - a scroll of immolation
 T - a scroll of torment {unknown}
Potions
 e - 4 potions of curing
 m - 5 potions of brilliance
 q - a potion of cancellation
 r - 2 potions of resistance
 s - a potion of berserk rage
 w - a potion of haste
 D - 2 potions of lignification
 J - 2 potions of agility {unknown}
 K - 3 potions of might
 P - a potion of mutation {unknown}
 Q - 3 potions of flight {unknown}
Books
 H - a manual of Fire Magic
Miscellaneous
 y - a phial of floods (inert)
 R - a crystal ball of energy
Comestibles
 d - 51 rations


   Skills:
 - Level 2.4 Dodging
 - Level 2.4 Stealth
 - Level 15.5 Spellcasting
 * Level 16.9 Conjurations
 - Level 0.4 Charms
 - Level 4.1 Summonings
 - Level 1.1 Translocations
 - Level 10.2 Fire Magic
 - Level 10.1 Air Magic
 - Level 10.2 Earth Magic
 - Level 9.3 Evocations


You had 11 spell levels left.
You knew the following spells:

 Your Spells              Type           Power        Failure   Level  Hunger
a - Magic Dart            Conj           ####         0%          1    None
b - Call Imp              Summ           ######..     1%          2    None
c - Blink                 Tloc           N/A          2%          2    None
d - Conjure Flame         Conj/Fire      #######.     1%          3    None
e - Mephitic Cloud        Conj/Pois/Air  ######..     1%          3    None
f - Iskenderun's Battles  Conj/Chrm      ######..     1%          5    None
g - Airstrike             Air            #######...   1%          4    None
h - Fireball              Conj/Fire      #######...   1%          5    None
i - Lightning Bolt        Conj/Air       #######...   1%          5    None
j - Leda's Liquefaction   Hex/Erth       ######....   3%          4    None

Your spell library contained the following spells:

 Spells                   Type           Power        Failure   Level  Hunger
 Swiftness                Chrm/Air       ######..     1%          2    None
 Dazzling Spray           Conj/Hex       ######       1%          3    None
 Ignite Poison            Fire/Tmut/Pois #####...     1%          3    None
 Inner Flame              Hex/Fire       ######..     1%          3    None
 Bolt of Fire             Conj/Fire      #######...   1%          6    ##.....
 Beastly Appendage        Tmut           ####..       2%          1    None
 Corona                   Hex            ####...      2%          1    None
 Shroud of Golubria       Chrm/Tloc      ####......   3%          2    None
 Ensorcelled Hibernation  Hex/Ice        ####..       4%          2    None
 Slow                     Hex            ####....     4%          2    None
 Sticks to Snakes         Tmut           ####....     4%          2    None
 Portal Projectile        Hex/Tloc       ####..       6%          3    None
 Confuse                  Hex            ####....     9%          3    None
 Spider Form              Tmut/Pois      ####......   9%          3    None
 Tukima's Dance           Hex            ####....     9%          3    None
 Cause Fear               Hex            ####......   26%         4    None
 Ice Form                 Ice/Tmut       ####....     26%         4    None
 Ignition                 Fire           #######...   50%         8    ######.
 Blade Hands              Tmut           ####......   56%         5    None
 Ring of Flames           Chrm/Fire      ######....   91%         7    ####...
 Shatter                  Erth           #######...   99%         9    #######


Dungeon Overview and Level Annotations

Branches:
Dungeon (11/15)            Temple (1/1) D:6            Lair (6/6) D:11
 Shoals (0/4) Lair:2       Spider (3/4) Lair:2        Slime (0/5) Lair:6
    Orc (2/2) D:9             Elf (0/3) Orc:2

Altars:
Ashenzari
Cheibriados
Elyvilon
Gozag
Hepliaklqana
Kikubaaqudgha
Makhleb
Okawaru
Qazlal
Ru
Vehumet
Xom
Yredelemnul
The Shining One
Jiyva

Shops:
D:5 (   Orc:2 *%(}

Annotations:
D:3 Grinder
D:4 Edmund
D:10 Gastronok
Lair:1 3 runed translucent doors, Jabberih's ghost, novice VSNe
Lair:5 1 runed translucent door, Reaw's ghost, journeyman MiFi
Spider:3 Azrael
Orc:1 3 runed translucent doors, scorp85's ghost, journeyman MiFi
Orc:2 3 runed translucent doors, exclusion: obsidian statue, Skippwaahh's ghost, journeyman TeAE


Message History

The iceblast engulfs the fire elemental!!
The fire elemental is frozen!
You destroy the fire elemental!
Vehumet accepts your kill.
You feel your power returning.
The iceblast engulfs the fire elemental!!
The fire elemental is frozen!
The fire elemental is severely damaged.
The iceblast engulfs the redback!
The redback is severely wounded.
The iceblast engulfs Azrael.
Azrael is heavily wounded.
The iceblast engulfs the wolf spider!!
The wolf spider is almost dead.
You hear an angry hiss. x2
The wolf spider closely misses you. The wolf spider barely misses you.
The jumping spider pounces on you!
* * * LOW HITPOINT WARNING * * *
The jumping spider bites you.
You die...

..... #≈≈# .. .
...### .
..≈###^....#
.○##≈#^.^.....≈
.#E.$.^....^..≈
..h†§≈......#
°.E○E≈s*..#≈#
...☼☼Rs@....#
.^..E.s...!..^#
<..........^.##
....#.....^.##
... #...^#≈##
.. #...^≈## .
≈...## .#.#.≈


You could see Azrael, a wolf spider, 2 fire elementals, a jumping spider, a hell
hound, a redback, 2 friendly water elementals and a friendly battlesphere.

Vanquished Creatures
  A ghost moth (Spider:1)
  A minotaur (Gauntlet)
  An entropy weaver (Spider:2)
  3 dire elephants (Lair:6)
  2 ettins (Orc:2)
  A green death (Gauntlet)
  2 hydras (Lair:3)
  A catoblepas (Lair:5)
  3 two-headed ogres
  An anaconda (Lair:6)
  2 wyverns
  4 orc high priests (Orc:2)
  4 orc knights (Orc:2)
  A necromancer (Gauntlet)
  3 orb spiders
  5 oklob plants
  A faun (Lair:6)
  7 orc sorcerers (Orc:2)
  7 wolf spiders
  A cyclops (Orc:1)
  3 black mambas
  8 elephants
  Joseph (D:8)
  Maurice (D:9)
  Psyche (D:10)
  A torpor snail (Lair:3)
  2 merfolk sirens (Lair:2)
  8 spiny frogs
  5 rime drakes
  2 demonic crawlers
  4 komodo dragons
  2 merfolk (Lair:2)
  21 jumping spiders
  A queen bee (Lair:3)
  4 trolls
  A hornet (Spider:2)
  4 polar bears
  25 blink frogs
  4 hippogriffs
  8 tarantellas
  A water elemental (D:11)
  39 redbacks
  50 yaks
  A shadow (D:11)
  A basilisk (Lair:3)
  2 fire elementals (Spider:3)
  2 swamp worms (Gauntlet)
  An acid dragon (D:11)
  3 wargs
  13 water moccasins
  3 porcupines
  Duvessa (D:5)
  22 orc warriors
  3 hell hounds (Spider:3)
  2 sky beasts
  An eye of draining (D:9)
  8 ice beasts
  14 ogres
  3 phantoms
  A necrophage (D:10)
  30 wolves
  4 centaurs
  12 crocodiles
  11 bullfrogs
  A gnoll sergeant (D:8)
  Dowan (D:5)
  A water moccasin skeleton (D:8)
  20 killer bees (Lair:3)
  2 scorpions
  4 wights (D:7)
  2 howler monkeys
  5 electric eels
  10 crimson imps
  2 centaur zombies
  9 hounds
  30 orc priests
  A centaur skeleton (D:5)
  3 jellies
  24 orc wizards
  2 bullfrog skeletons
  3 iguanas
  5 worker ants
  A worker ant zombie (D:9)
  15 adders
  9 gnolls
  A shadow imp (D:8)
  12 white imps (Orc:2)
  2 oozes
  3 adder skeletons
  An adder zombie (D:9)
  3 worms (D:2)
  3 dart slugs
  5 leopard geckos
  62 orcs
  4 giant cockroaches
  8 goblins
  6 hobgoblins
  7 jackals
  5 kobolds
  A quokka (D:7)
  A ball python (D:1)
  8 bats
  6 frilled lizards
  2 giant cockroach zombies
  A quokka skeleton (D:5)
  3 rats
  A plant (Lair:6)
680 creatures vanquished.

Vanquished Creatures (collateral kills)
  An anaconda (Lair:6)
  An orb spider (Spider:1)
  2 spiny frogs (Lair:6)
  A jumping spider (Spider:1)
  A hippogriff (D:8)
  A yak (Lair:6)
  A redback (Spider:1)
  A centaur (D:10)
  3 killer bees (Lair:3)
  A quasit (D:8)
  2 orc wizards
  A gnoll (D:8)
  An orc (D:10)
  A quokka (D:8)
18 creatures vanquished.

Vanquished Creatures (others)
  An ogre (D:8)
  A killer bee (Lair:3)
  16 fungi
  8 plants
26 creatures vanquished.

Grand Total: 724 creatures vanquished

Notes
Turn   | Place    | Note
-------+----------+-------------------------------------------
     0 | D:1      | Exodus22XD the Deep Elf Wizard began the quest for the Orb.
     0 | D:1      | Reached XP level 1. HP: 10/10 MP: 7/7
   291 | D:1      | Reached skill level 2 in Conjurations
   344 | D:1      | Reached XP level 2. HP: 15/15 MP: 6/9
   346 | D:1      | You fall through a shaft!
   561 | D:1      | Reached skill level 3 in Conjurations
   867 | D:1      | Reached XP level 3. HP: 19/19 MP: 5/10
  1320 | D:2      | Reached skill level 4 in Conjurations
  1512 | D:2      | Reached XP level 4. HP: 22/24 MP: 8/12
  2412 | D:3      | Reached skill level 5 in Conjurations
  2672 | D:3      | Reached XP level 5. HP: 28/28 MP: 9/13
  2686 | D:3      | Learned a level 2 spell: Call Imp
  2689 | D:3      | Learned a level 2 spell: Blink
  2693 | D:3      | Learned a level 3 spell: Conjure Flame
  2697 | D:3      | Learned a level 3 spell: Mephitic Cloud
  2779 | D:3      | Noticed Grinder
  3259 | D:4      | Noticed Edmund
  3660 | D:5      | Entered Level 5 of the Dungeon
  3663 | D:5      | Found Rikuaclo's Antique Weapon Boutique.
  3667 | D:5      | Reached XP level 6. HP: 32/32 MP: 10/14
  3996 | D:5      | Noticed an ice beast
  4115 | D:5      | Killed an ice beast
  4264 | D:5      | Reached XP level 7. HP: 36/36 MP: 4/15
  4352 | D:5      | Reached skill level 5 in Fire Magic
  4682 | D:5      | Noticed Duvessa
  4772 | D:5      | Noticed Dowan
  4774 | D:5      | Killed Duvessa
  4782 | D:5      | Killed Dowan
  4956 | D:5      | Found an iron altar of Okawaru.
  5151 | D:5      | Reached XP level 8. HP: 27/41 MP: 3/16
  5317 | D:6      | Found a staircase to the Ecumenical Temple.
  5345 | Temple   | Entered the Ecumenical Temple
  5438 | Temple   | Became a worshipper of Vehumet
  5511 | D:6      | Reached skill level 6 in Conjurations
  5631 | D:6      | Reached skill level 7 in Conjurations
  5711 | D:6      | HP: 2/41 [disintegration (3)]
  5893 | D:6      | Reached skill level 8 in Conjurations
  6185 | D:6      | Reached skill level 9 in Conjurations
  6376 | D:7      | Reached * piety under Vehumet
  6376 | D:7      | Offered knowledge of Flame Tongue by Vehumet.
  6587 | D:7      | Reached skill level 5 in Spellcasting
  6587 | D:7      | Reached XP level 9. HP: 45/45 MP: 13/18
  8054 | D:8      | Reached skill level 10 in Spellcasting
  8218 | D:8      | Reached ** piety under Vehumet
  8218 | D:8      | Offered knowledge of Throw Flame by Vehumet.
  8224 | D:8      | Noticed Joseph
  8688 | D:8      | Killed Joseph
  8688 | D:8      | Reached skill level 10 in Conjurations
  8944 | D:8      | Found an ancient bone altar of Kikubaaqudgha.
  9001 | D:8      | Reached XP level 10. HP: 48/50 MP: 6/26
  9743 | D:9      | Reached skill level 11 in Conjurations
  9938 | D:9      | HP: 2/50 [poisoned by an adder]
 10284 | D:9      | Noticed a two-headed ogre
 10316 | D:9      | Killed a two-headed ogre
 10316 | D:9      | Reached skill level 12 in Conjurations
 10798 | D:9      | Found a staircase to the Orcish Mines.
 10968 | D:9      | Noticed Maurice
 11015 | D:9      | Killed Maurice
 11623 | D:9      | Offered knowledge of Inner Flame by Vehumet.
 12016 | D:10     | Entered Level 10 of the Dungeon
 12114 | D:10     | Reached skill level 13 in Conjurations
 12345 | D:10     | Reached *** piety under Vehumet
 12618 | D:10     | Noticed a two-headed ogre
 12625 | D:10     | Noticed Gastronok
 12627 | D:10     | Killed a two-headed ogre
 12627 | D:10     | Reached XP level 11. HP: 54/54 MP: 20/27
 12754 | D:10     | Noticed Psyche
 12776 | D:10     | Killed Psyche
 12776 | D:10     | Reached skill level 14 in Conjurations
 13092 | D:10     | Offered knowledge of Iskenderun's Mystic Blast by Vehumet.
 14273 | D:11     | Reached skill level 15 in Conjurations
 14342 | D:11     | Found a staircase to the Lair.
 14651 | D:11     | Reached **** piety under Vehumet
 15279 | Lair:1   | Entered Level 1 of the Lair of Beasts
 15372 | Lair:1   | You fall through a shaft!
 15440 | Lair:1   | Offered knowledge of Iskenderun's Battlesphere by Vehumet.
 15600 | Lair:1   | Learned a level 5 spell: Iskenderun's Battlesphere
 15750 | Lair:1   | Found a runed translucent gate.
 15752 | Lair:1   | Found a runed translucent gate.
 15753 | Lair:1   | Found a runed translucent gate.
 15758 | Lair:1   | Noticed Jabberih's ghost (novice VSNe)
 15761 | Lair:1   | Noticed a seven-headed hydra
 16541 | Lair:2   | Found a hole to the Spider Nest.
 16611 | Lair:2   | Reached XP level 12. HP: 50/59 MP: 15/31
 16874 | Lair:2   | Reached skill level 1 in Evocations
 17121 | Lair:2   | Found a staircase to the Shoals.
 17581 | Lair:3   | Noticed a four-headed hydra
 17586 | Lair:3   | Killed a four-headed hydra
 17586 | Lair:3   | Reached skill level 5 in Evocations
 17719 | Lair:3   | Reached ***** piety under Vehumet
 17817 | Lair:3   | Offered knowledge of Airstrike by Vehumet.
 18180 | Lair:3   | Learned a level 4 spell: Airstrike
 18359 | Lair:3   | Reached skill level 1 in Air Magic
 18528 | Lair:3   | Noticed a seven-headed hydra
 18534 | Lair:3   | Killed a seven-headed hydra
 19425 | Lair:4   | Reached skill level 5 in Air Magic
 19427 | Lair:4   | Reached XP level 13. HP: 63/63 MP: 19/32
 21588 | Lair:5   | Found a runed translucent door.
 21902 | Lair:5   | Noticed Reaw's ghost (journeyman MiFi)
 21923 | Lair:6   | Entered Level 6 of the Lair of Beasts
 22080 | Lair:6   | Reached skill level 10 in Air Magic
 22409 | Lair:6   | Reached skill level 16 in Conjurations
 22420 | Lair:6   | Offered knowledge of Conjure Ball Lightning by Vehumet.
 22563 | Lair:6   | Learned a level 5 spell: Fireball
 23288 | Lair:6   | Found a viscous altar of Jiyva.
 23288 | Lair:6   | Found a staircase to the Slime Pits.
 23529 | Lair:6   | Noticed a dire elephant
 23548 | Lair:6   | Killed a dire elephant
 23548 | Lair:6   | Reached XP level 14. HP: 68/68 MP: 7/33
 23670 | Lair:6   | Reached skill level 10 in Fire Magic
 24300 | D:9      | Learned a level 4 spell: Leda's Liquefaction
 24307 | Orc:1    | Entered Level 1 of the Orcish Mines
 24312 | Orc:1    | Reached skill level 1 in Earth Magic
 24527 | Orc:1    | Noticed a stone giant
 24528 | Orc:1    | Noticed scorp85's ghost (journeyman MiFi)
 24539 | Orc:1    | Found a runed translucent gate.
 24539 | Orc:1    | Found a runed translucent gate.
 24541 | Orc:1    | Found a runed translucent gate.
 25025 | Orc:2    | Entered Level 2 of the Orcish Mines
 25025 | Orc:2    | Found a frozen archway.
 25103 | Orc:2    | Found a gate leading to a gauntlet.
 25110 | Gauntlet | Entered a Gauntlet
 25110 | Gauntlet | Found a transporter.
 25220 | Gauntlet | Found a transporter.
 25222 | Gauntlet | Found a transporter.
 25232 | Gauntlet | Found a transporter.
 25234 | Gauntlet | Found a transporter.
 25241 | Gauntlet | Found a transporter.
 25257 | Gauntlet | Found a transporter.
 25267 | Gauntlet | Found a transporter.
 25278 | Gauntlet | Found a transporter.
 25283 | Gauntlet | Found a transporter.
 25283 | Gauntlet | Found a transporter.
 25299 | Gauntlet | Found a transporter.
 25311 | Gauntlet | Found a transporter.
 25364 | Gauntlet | Found a transporter.
 25530 | Gauntlet | Learned a level 6 spell: Bolt of Fire
 25611 | Gauntlet | Reached skill level 5 in Earth Magic
 25672 | Gauntlet | Got a faintly humming leather armour
 25683 | Gauntlet | Identified the +1 leather armour of Decompression {rPois
                  | rF+ MR+ Str-4} (You found it in a Gauntlet)
 25683 | Gauntlet | Lost strength.
 25732 | Gauntlet | Got a pair of distressingly furry gloves
 26057 | Gauntlet | Identified the -2 pair of gloves of Focus {rElec rPois
                  | Slay-3} (You found it in a Gauntlet)
 26221 | Gauntlet | Identified the Grimoire of the Mountains and Good Luck
 26293 | Orc:2    | Found a staircase to the Elven Halls.
 26484 | Orc:2    | Found a runed translucent gate.
 26485 | Orc:2    | Found a runed translucent gate.
 26486 | Orc:2    | Offered knowledge of Freezing Cloud by Vehumet.
 26488 | Orc:2    | Found a runed translucent gate.
 26489 | Orc:2    | Found an opulent altar of Gozag.
 26489 | Orc:2    | Noticed Skippwaahh's ghost (journeyman TeAE)
 26940 | Orc:2    | Reached skill level 15 in Spellcasting
 27078 | Orc:2    | Found Jidasset's Jewellery Boutique.
 27078 | Orc:2    | Found Edudog's Gadget Boutique.
 27081 | Orc:2    | Found Osyss's Weapon Emporium.
 27081 | Orc:2    | Found Jiow Tia's Food Emporium.
 27420 | Orc:2    | Found Pulug's Assorted Antiques.
 27548 | Lair:2   | Got a polished chain mail
 27559 | Lair:2   | Identified the +4 chain mail "Zenlyput" {*Slow rF++ Str+4
                  | SInv} (You found it on level 2 of the Lair of Beasts)
 27586 | Spider:1 | Entered Level 1 of the Spider Nest
 27620 | Spider:1 | Noticed a ghost moth
 27637 | Spider:1 | Killed a ghost moth
 28292 | Spider:1 | Got a jewelled ring mail
 28303 | Spider:1 | Identified the +1 ring mail "Deiptux" {rElec Str+2 Int+3
                  | Slay-4} (You found it on level 1 of the Spider Nest)
 28536 | Spider:1 | Got a bloodstained leather armour
 28547 | Spider:1 | Identified the +3 leather armour "Itzadoem" {rN+} (You
                  | found it on level 1 of the Spider Nest)
 28591 | Spider:1 | Offered knowledge of Lightning Bolt by Vehumet.
 28592 | Spider:1 | HP: 3/68 [redback (3)]
 28872 | Spider:1 | Learned a level 5 spell: Lightning Bolt
 28884 | Spider:1 | Reached XP level 15. HP: 72/72 MP: 17/36
 29409 | Spider:2 | Reached skill level 10 in Earth Magic
 30210 | Spider:3 | Noticed Azrael
 30216 | Spider:3 | HP: 2/72 [jumping spider (5)]
 30216 | Spider:3 | Slain by a jumping spider

Skill      XL: |  1  2  3  4  5  6  7  8  9 10 11 12 13 14 15 |
---------------+----------------------------------------------+-----
Conjurations   | 2 3 4 5 9 10 13 15 16 | 16.9
Summonings     | 4 |  4.1
Fire Magic     | 4 7 9 10 | 10.2
Spellcasting   | 5 10 13 15 | 15.5
Evocations     | 9 |  9.3
Air Magic      | 5 10 | 10.1
Earth Magic    | 9 10 | 10.2
Dodging        | |  2.4
Stealth        | |  2.4
Charms         | |  0.4
Translocations | |  1.1

Action                   |  1- 3 |  4- 6 |  7- 9 | 10-12 | 13-15 || total
-------------------------+-------+-------+-------+-------+-------++-------
Melee: Dagger            |       |     6 |     4 |       |       ||    10
       Short sword       |       |       |   164 |   124 |     7 ||   295
       Staff             |       |       |       |       |     3 ||     3
 Cast: Magic Dart        |    89 |   115 |   311 |   654 |   431 ||  1600
       Conjure Flame     |       |     4 |    25 |    55 |    15 ||    99
       Mephitic Cloud    |       |     2 |    32 |    40 |    19 ||    93
       Blink             |       |     1 |     1 |     6 |    15 ||    23
       Call Imp          |       |       |    12 |    12 |     7 ||    31
       Iskenderun's Batt |       |       |       |    42 |   111 ||   153
       Airstrike         |       |       |       |     5 |    41 ||    46
       Fireball          |       |       |       |       |    48 ||    48
       Bolt of Fire      |       |       |       |       |    14 ||    14
       Leda's Liquefacti |       |       |       |       |     5 ||     5
       Lightning Bolt    |       |       |       |       |     3 ||     3
Evoke: Wand              |       |       |       |     3 |    41 ||    44
       Crystal ball of e |       |       |       |       |     1 ||     1
       Phial of floods   |       |       |       |       |     1 ||     1
  Use: Scroll            |       |     7 |     7 |     9 |     8 ||    31
       Potion            |       |       |     1 |     1 |     7 ||     9
 Stab: Confused          |       |       |     4 |     2 |       ||     6
       Distracted        |       |       |       |     1 |       ||     1
  Eat: Chunk             |     2 |     8 |    13 |    29 |    23 ||    75
       Ration            |       |       |     1 |     1 |     4 ||     6
Armor: Robe              |     5 |     6 |       |       |    11 ||    22
       Acid dragon scale |       |    10 |    96 |    65 |    52 ||   223
       Ring mail         |       |       |       |       |    26 ||    26
Dodge: Dodged            |    19 |    49 |   178 |   214 |   300 ||   760
Block: Other             |       |     1 |       |       |       ||     1
